 Dungeon Crawl Stone Soup version 0.32-a0-938-g40ac7a0f4d (webtiles) character file.

Game seed: 3454016525681163007

471 sikcd the Cruncher (level 7, -9/60 HPs)
             Began as a Gnoll Wanderer on Apr 15, 2024.
             Was a Priest of Beogh.
             Killed by divine providence
             ... invoked by Boruk the orc apostle
              (11 damage)
             ... on level 4 of the Dungeon.
             The game lasted 00:19:48 (3521 turns).

sikcd the Cruncher (Gnoll Wanderer)                 Turns: 3521, Time: 00:19:53

Health: -9/60      AC: 12    Str: 15    XL:     7   Next: 9%
Magic:  28/28      EV:  4    Int: 15    God:    Beogh [***...]
Gold:   191        SH:  0    Dex: 14    Spells: 10/10 levels left

rFire   . . .        a - +4 war axe of Prescription {drain, rPois Str+3 Int+5 SInv}
rCold   . . .        (no shield)
rNeg    . . .        u - +0 plate armour
rPois   +            (no helmet)
rElec   .            t - +0 cloak
rCorr   .            (no gloves)
SInv    +            (no boots)
Will    .....        (no amulet) Stlth
                     c - ring of magical power
HPRegen 0.30/turn    n - ring of magical power
MPRegen 0.21/turn

%: no passive effects
@: no status effects
A: fangs 1, strong nose, distributed training
a: Renounce Religion, Smiting


You were on level 4 of the Dungeon.
You worshipped Beogh.
Beogh was most pleased with you.
You visited 1 branch of the dungeon, and saw 4 of its levels.

You collected 191 gold pieces.

Inventory:

Hand Weapons
 a - the +4 war axe of Prescription (weapon) {drain, rPois Str+3 Int+5 SInv}
   (You found it on level 3 of the Dungeon)

   Str+3:     It affects your strength (+3).
   Int+5:     It affects your intelligence (+5).
   rPois:     It protects you from poison.
   SInv:      It lets you see invisible.
 v - a +0 quarterstaff
 y - a +3 falchion
Missiles
 b - 7 boomerangs (quivered)
 o - 25 stones
 w - 4 javelins
Armour
 d - a +0 leather armour
 e - a +0 leather armour
 l - a +2 robe of resistance
 t - a +0 cloak (worn)
 u - a +0 plate armour (worn)
Jewellery
 c - a ring of magical power (left hand)
 n - a ring of magical power (right hand)
Talismans
 i - a maw talisman
Scrolls
 f - a scroll of brand weapon {unknown}
 h - 3 scrolls of teleportation {unknown}
 m - a scroll of fear {unknown}
 p - a scroll of acquirement {unknown}
 q - a scroll of identify {unknown}
 r - a scroll of poison
 A - a scroll of revelation {unknown}
Potions
 g - 4 potions of curing {unknown}
 j - 2 potions of heal wounds {unknown}
 k - a potion of haste {unknown}
 s - a potion of magic {unknown}
 x - 2 potions of might {unknown}
 z - a potion of ambrosia {unknown}


   Skills:
 + Level 7.0 Fighting
 + Level 2.3 Short Blades
 + Level 5.2 Long Blades
 + Level 2.3 Axes
 + Level 2.3 Maces & Flails
 + Level 2.3 Polearms
 + Level 8.9 Staves
 + Level 2.3 Ranged Weapons
 + Level 2.3 Throwing
 + Level 2.3 Armour
 + Level 2.3 Dodging
 + Level 2.3 Stealth
 + Level 2.3 Shields
 + Level 2.3 Unarmed Combat
 + Level 2.3 Spellcasting
 + Level 1.9 Conjurations
 + Level 1.9 Hexes
 + Level 1.9 Summonings
 + Level 1.9 Necromancy
 + Level 1.9 Translocations
 + Level 1.9 Fire Magic
 + Level 1.9 Ice Magic
 + Level 1.9 Air Magic
 + Level 1.9 Earth Magic
 + Level 1.9 Alchemy
 + Level 2.6 Invocations
 + Level 3.5 Evocations
 + Level 2.1 Shapeshifting


You had 10 spell levels left.
You didn't know any spells.
Your spell library contained the following spells:

 Spells                   Type           Power      Damage    Failure   Level
 Dazzling Flash           Conj/Hex       14%        N/A       100%        3
 Mephitic Cloud           Conj/Alch/Air  7%         N/A       100%        3
 Curse of Agony           Necr           7%         N/A       100%        5
 Silence                  Hex/Air        3%         N/A       100%        5


Dungeon Overview and Level Annotations

Branches:
Dungeon (4/15)
 Temple: D:4-7

Altars:
Beogh

Annotations:
D:2 1 runed translucent door, Crazy Yiuf


Innate Abilities, Weirdness & Mutations

Your facial features look somewhat orcish.
You have very sharp teeth.
Your uncanny sense of smell can sniff out nearby items.
Your experience applies equally to all skills.


Message History

You kill the orc priest!
Beogh accepts your kill.
Beogh appreciates your killing of a heretic priest.
You start resting.
Beogh speaks to you: Screw your courage to the sticking place, and face a challenge.
Fight to survive!
In the great war, all will be orcs!
You start resting.
Boruk the orc apostle comes into view.
She is wielding a +0 hand axe of freezing.
Press: ? - help, v - describe, . - travel
Here: Boruk the orc apostle, wielding a +0 hand axe of freezing and wearing +3 acid dragon scales (empowered by the touch of Beogh)
The floor.
Aiming: Smiting
Press: ? - help, Dir - move target, f - Boruk Smite: Boruk the orc apostle, wielding a +0 hand axe of freezing and wearing +3 acid dragon scales (empowered by the touch of Beogh) Beogh booms: This is a trial of mortal prowess.
Fight with your own strength!
Okay, then.
You miss Boruk. You bite Boruk, but do no damage.
Boruk invokes the aid of Beogh against you.
Beogh smites you!
You barely miss Boruk.
Boruk calls down the wrath of Beogh upon you.
Beogh smites you!
* * * LOW HITPOINT WARNING * * *
You miss Boruk.
Boruk hits you with a +0 hand axe of freezing!
* * * LOW HITPOINT WARNING * * *
Boruk freezes you.
* * * LOW HITPOINT WARNING * * *
Boruk completely misses you.
You miss Boruk.
Boruk hits you with a +0 hand axe of freezing.
* * * LOW HITPOINT WARNING * * *
Boruk freezes you.
* * * LOW HITPOINT WARNING * * *
The air fills with toxic fumes!
As you read the scroll labelled FAOJUFF DUOHAP, it crumbles to dust.
It was a scroll of poison.
Boruk invokes the aid of Beogh against you.
Beogh smites you!
You die...
Beogh appreciates Boruk's killing of a heretic priest.

$...............##
.§§§§§§§§§§§§§§...#
..§§§§§§§§§§§§§.....
...§§§§§§§§§§§§....#
...§§§§§§§§§§§######
...§§§§§§§§§§## ...§§§§§§§§§§#
....§§§§§§§§§§# ##
.....§§§§§§§@§§# .
......§§§§§§§o§§# #
.......§§§§§§§§§§## ###
........§§§§§§§§§§§###### ####.#
........§§§§§§§§§§§§§...###.....
.......§§§§§§§§§§§§§§..........
#.....§§§§§§§§§##§§§§.......[. .
#....§§§§§§§§§######.........
.## ##.............#
###...#.....


You could see Boruk the orc apostle (divinely empowered).

Vanquished Creatures
  Sigmund (D:2)
  A howler monkey (D:4)
  3 orc priests
  A sleepcap (D:4)
  An iguana (D:4)
  An orc wizard (D:4)
  4 adders
  2 ribbon worms
  2 dart slugs
  10 orcs
  4 endoplasms
  4 giant cockroaches
  4 hobgoblins
  10 jackals
  2 quokkas
  5 ball pythons
  5 bats
  3 frilled lizards
  6 goblins
  8 kobolds
  6 rats
83 creatures vanquished.

Vanquished Creatures (others)
  An orc (D:4)
1 creature vanquished.

Grand Total: 84 creatures vanquished

Notes
Turn   | Place    | Note
-------+----------+-------------------------------------------
     0 | D:1      | sikcd the Gnoll Wanderer began the quest for the Orb.
     0 | D:1      | sikcd set off with the following items: a +3 falchion, a +0
                  | quarterstaff, a scroll of fog, a +0 leather armour.
     0 | D:1      | Reached XP level 1. HP: 23/23 MP: 1/1
    51 | D:1      | Reached XP level 2. HP: 20/29 MP: 2/2
   514 | D:1      | Reached XP level 3. HP: 35/35 MP: 3/3
   555 | D:1      | Found a faded altar of an unknown god.
   561 | D:1      | Prayed at the altar of an unknown god.
   561 | D:1      | Became a worshipper of Beogh the Shepherd
   561 | D:1      | Reached * piety under Beogh
   907 | D:2      | Noticed Sigmund
   918 | D:2      | Killed Sigmund
   919 | D:2      | Reached skill level 1 in Short Blades
   919 | D:2      | Reached skill level 1 in Axes
   919 | D:2      | Reached skill level 1 in Maces & Flails
   919 | D:2      | Reached skill level 1 in Polearms
   919 | D:2      | Reached skill level 1 in Ranged Weapons
   919 | D:2      | Reached skill level 1 in Throwing
   919 | D:2      | Reached skill level 1 in Armour
   919 | D:2      | Reached skill level 1 in Dodging
   919 | D:2      | Reached skill level 1 in Stealth
   919 | D:2      | Reached skill level 1 in Shields
   919 | D:2      | Reached skill level 1 in Unarmed Combat
   919 | D:2      | Reached skill level 1 in Spellcasting
   919 | D:2      | Reached skill level 1 in Conjurations
   919 | D:2      | Reached skill level 1 in Hexes
   919 | D:2      | Reached skill level 1 in Summonings
   919 | D:2      | Reached skill level 1 in Necromancy
   919 | D:2      | Reached skill level 1 in Translocations
   919 | D:2      | Reached skill level 1 in Fire Magic
   919 | D:2      | Reached skill level 1 in Ice Magic
   919 | D:2      | Reached skill level 1 in Air Magic
   919 | D:2      | Reached skill level 1 in Earth Magic
   919 | D:2      | Reached skill level 1 in Alchemy
   919 | D:2      | Reached skill level 1 in Invocations
   919 | D:2      | Reached skill level 1 in Shapeshifting
   919 | D:2      | Reached XP level 4. HP: 11/41 MP: 4/6
   919 | D:2      | Reached XP level 5. HP: 12/47 MP: 4/7
  1082 | D:2      | Found a runed translucent door.
  1083 | D:2      | Noticed Crazy Yiuf
  2166 | D:3      | Reached ** piety under Beogh
  2207 | D:3      | Reached XP level 6. HP: 15/53 MP: 8/8
  2492 | D:3      | Reached skill level 5 in Long Blades
  2872 | D:3      | Identified the +4 war axe of Prescription {drain, rPois
                  | Str+3 Int+5 SInv}
  3497 | D:4      | Reached XP level 7. HP: 53/60 MP: 10/10
  3503 | D:4      | Reached *** piety under Beogh
  3513 | D:4      | Noticed Boruk
  3520 | D:4      | HP: 2/60 [Boruk the orc apostle/+0 hand axe of freezing
                  | (2)]
  3521 | D:4      | Killed from afar by Boruk the orc apostle

Illustrated notes

Levels and vault maps discovered:
D:1:      wander_arrival_estate, layout_basic, chequers_ecumenical_altar_grove,
          dreamdust_wishing_well
D:2:      layout_loops_corners, uniq_crazy_yiuf_cottage, uniq_sigmund
D:3:      layout_loops_ring, minmay_quadrilaterals
D:4:      minmay_octagon_keep, layout_layer_cave,
          nicolae_hepliaklqana_hazy_memory, minmay_temple_entry_hall

Skill      XL: |  1  2  3  4  5  6 |
---------------+-------------------+-----
Short Blades   | 1 2 |  2.3
Axes           | 1 2 |  2.3
Maces & Flails | 1 2 |  2.3
Polearms       | 1 2 |  2.3
Ranged Weapons | 1 2 |  2.3
Throwing       | 1 2 |  2.3
Armour         | 1 2 |  2.3
Dodging        | 1 2 |  2.3
Stealth        | 1 2 |  2.3
Shields        | 1 2 |  2.3
Unarmed Combat | 1 2 |  2.3
Spellcasting   | 1 2 |  2.3
Conjurations   | 1 |  1.9
Hexes          | 1 |  1.9
Summonings     | 1 |  1.9
Necromancy     | 1 |  1.9
Translocations | 1 |  1.9
Fire Magic     | 1 |  1.9
Ice Magic      | 1 |  1.9
Air Magic      | 1 |  1.9
Earth Magic    | 1 |  1.9
Alchemy        | 1 |  1.9
Invocations    | 1 2 |  2.6
Evocations     | 3 |  3.5
Shapeshifting  | 1 2 |  2.1
Long Blades    | 5 |  5.2
Fighting       | 7 |  7.0
Staves         | |  8.9

Action                     |  1- 3 |  4- 6 |  7- 9 || total
---------------------------+-------+-------+-------++-------
  Melee: Falchion          |    77 |    92 |       ||   169
         Bite              |     2 |    11 |     2 ||    15
         War axe           |       |    20 |     9 ||    29
    Use: Scroll            |       |     1 |     1 ||     2
   Stab: Sleeping          |       |     3 |       ||     3
         Distracted        |       |     1 |       ||     1
 Armour: Leather armour    |    40 |       |       ||    40
         Robe              |       |    55 |       ||    55
         Plate armour      |       |    22 |     8 ||    30
  Dodge: Dodged            |    44 |    69 |     5 ||   118

Table legend: (Time is in decaauts)
 A = Elapsed time spent in this place.
 B = Non-inter-level travel time spent in this place.
 C = Inter-level travel time spent in this place.
 D = Time resting spent in this place.
 E = Time spent auto-exploring this place.
 F = Levels seen in this place.
 G = Mean time per level.
                   A        B        C        D        E       F      G
               +--------+--------+--------+--------+--------+-----+--------+
         Total |   3538 |   3383 |    155 |    844 |   1856 |   4 |  884.5 |
       Dungeon |   3538 |   3383 |    155 |    844 |   1856 |   4 |  884.5 |
               +--------+--------+--------+--------+--------+-----+--------+

Top non-repeatable levels by time:
     D:3: 1411 daAuts
     D:2: 1134 daAuts
     D:1: 752 daAuts
     D:4: 240 daAuts
